 Dungeon Crawl Stone Soup version 0.21.1-1-g345015f (webtiles) character file.

82042 shakethe the Basher (level 14, -9/130 HPs)
             Began as a Demigod Fighter on Feb 18, 2018.
             Mangled by an ettin
             ... wielding a +0 dire flail
              (22 damage)
             ... on level 10 of the Dungeon.
             The game lasted 01:36:27 (34746 turns).

shakethe the Basher (Demigod Fighter)              Turns: 34746, Time: 01:36:28

Health: -9/130     AC: 23    Str: 23    XL:     14   Next: 88%
Magic:  20/20      EV: 14    Int: 18    God:
Gold:   548        SH:  5    Dex: 15    Spells: 12/13 levels left

rFire    . . .     SeeInvis .   M - +12 dire flail "Yloani" {pain, +Rage}
rCold    + . .     Gourm    .   (shield currently unavailable)
rNeg     . . .     Faith    .   y - +0 chain mail of Disaster {rPois rC+}
rPois    +         Spirit   .   G - +2 helmet
rElec    +         Reflect  +   h - +2 cloak
rCorr    .         Harm     .   n - +2 pair of gloves
MR       +++..                  e - +0 pair of boots
Stlth    ..........             D - +5 amulet of reflection
HPRegen  0.31/turn              K - ring "Vouc" {rElec MR+ Int+2}
MPRegen  0.17/turn              j - ring of protection from magic {MR+, !d}

@: hasted, very quick
A: high mp 1
a: Evoke Berserk Rage


You were on level 10 of the Dungeon.
You were not hungry.

You visited 3 branches of the dungeon, and saw 23 of its levels.
You visited 1 bazaar.

You collected 1973 gold pieces.
You spent 1425 gold pieces at shops.

Inventory:

Hand Weapons
 c - the +3 morningstar "Jyist" {protect, MR+ Int+3 Stlth+}
   (You bought it in a shop on level 9 of the Dungeon)

   It protects the one who uses it against injury (+AC on strike).
   It affects your intelligence (+3).
   It affects your resistance to hostile enchantments.
   It makes you more stealthy.
 M - the +12 dire flail "Yloani" (weapon) {pain, +Rage}
   (You found it on level 6 of the Lair of Beasts)

   In the hands of one skilled in necromantic magic, it inflicts extra damage on
   living creatures.
   It lets you go berserk.
Missiles
 s - a throwing net {=f, !d}
 W - 6 javelins of penetration (quivered)
Armour
 e - a +0 pair of boots (worn)
   (You found it on level 6 of the Lair of Beasts)
 h - a +2 cloak (worn)
   (You found it on level 6 of the Lair of Beasts)
 n - a +2 pair of gloves (worn)
   (You found it on level 2 of the Dungeon)
 y - the +0 chain mail of Disaster (worn) {rPois rC+}
   (You bought it in a shop in a bazaar)

   It protects you from cold.
   It protects you from poison.
 G - a +2 helmet (worn)
   (You found it on level 2 of the Lair of Beasts)
Jewellery
 j - a ring of protection from magic (right hand) {MR+, !d}
   (You found it on level 1 of the Dungeon)
 D - a +5 amulet of reflection (around neck)
   (You found it on level 3 of the Lair of Beasts)
 F - an uncursed amulet of regeneration {+regen, !d}
   (You bought it in a shop on level 9 of the Dungeon)
 K - the ring "Vouc" (left hand) {rElec MR+ Int+2}
   (You found it on level 6 of the Lair of Beasts)

   [ring of protection from magic]

   It affects your intelligence (+2).
   It insulates you from electricity.
   It affects your resistance to hostile enchantments.
Wands
 b - a wand of disintegration (26)
   (You found it on level 1 of the Lair of Beasts)
 w - a wand of iceblast (20)
   (You took it off Ijyb on level 3 of the Dungeon)
 H - a wand of flame (17)
   (You found it on level 3 of the Lair of Beasts)
 I - a wand of enslavement (11)
   (You took it off an orc on level 7 of the Dungeon)
 L - a wand of clouds (6)
   (You found it on level 6 of the Lair of Beasts)
 P - a wand of acid (7)
   (You found it on level 11 of the Dungeon)
 T - a wand of paralysis (15)
   (You found it on level 5 of the Lair of Beasts)
Scrolls
 a - 8 scrolls of remove curse
 m - 2 scrolls of enchant armour
 q - 7 scrolls of teleportation
 r - 3 scrolls of amnesia
 x - 3 scrolls of fog
 B - 4 scrolls of immolation {!r}
 R - a scroll of magic mapping {!r}
 S - 3 scrolls of enchant weapon
Potions
 g - 4 potions of lignification {!q}
 t - 3 potions of ambrosia
 u - 2 potions of curing
 v - 3 potions of might
 z - 5 potions of brilliance
 A - 5 potions of flight
 C - 4 potions of mutation {!q}
 O - 4 potions of cancellation
 V - a potion of agility
Miscellaneous
 d - a lightning rod (4/4)
   (You found it on level 3 of the Lair of Beasts)
 Q - a lamp of fire
   (You found it on level 11 of the Dungeon)
Comestibles
 f - 28 rations


   Skills:
 + Level 13.8 Fighting
 - Level 14.0 Maces & Flails
 + Level 10.8 Armour
 + Level 10.4 Dodging
   Level 4.3 Shields
 + Level 3.4 Necromancy
 + Level 3.7 Evocations


You had 12 spell levels left.
You knew the following spells:

 Your Spells              Type           Power        Failure   Level  Hunger
A - Animate Skeleton      Necr           N/A          28%         1    ##.....


Dungeon Overview and Level Annotations

Branches:
Dungeon (15/15)            Temple (0/1) D:7            Lair (6/6) D:11
 Shoals (0/4) Lair:2        Snake (0/4) Lair:4        Slime (0/5) Lair:5
    Orc (2/2) D:10            Elf (0/3) Orc:2        Vaults (0/5) D:13
 Depths (0/5) D:15

Shops:
D:8 ?   D:9 (:=!=   D:11 *   D:15 :   Orc:2 (

Annotations:
D:3 2 transporters
D:10 exclusion: Sonja, Sonja


Innate Abilities, Weirdness & Mutations

You have an increased reservoir of magic. (+10% MP)


Message History

You are near starving!
You barely miss the two-headed ogre.
The two-headed ogre hits you but does no damage. x2
You bludgeon the two-headed ogre!!
Your chain mail of Disaster prevents you from hitting the two-headed ogre.
The two-headed ogre barely misses you.
The two-headed ogre hits you but does no damage.
You bludgeon the two-headed ogre!! You impale the two-headed ogre!!
You kill the two-headed ogre!
You impale the troll!!
The troll writhes in agony.
You bludgeon the troll!!
You kill the troll!
The troll leather armour is intact enough to wear.
You closely miss the troll. You impale the troll!!
The troll writhes in agony.
You block the troll's attack. The troll claws you.
The troll claws you but does no damage.
You take 3 damage, and have 126/130 hp.
You pound the troll like an anvil!!!
You kill the troll!
The troll leather armour is intact enough to wear.
The ettin hits you but does no damage. The ettin hits you with a dire flail.
Items here: )) [[ †† a +0 troll leather armour {regen} x2; a giant club; a dire flail a troll corpse x2
You take 6 damage, and have 120/130 hp.
You hit the ettin.
The ettin writhes in agony.
The ettin hits you with a dire flail!! x2
You take 51 damage, and have 69/130 hp.
MASSIVE DAMAGE!!
You hit the ettin but do no damage. You bludgeon the ettin!!
The ettin writhes in agony.
The ettin hits you with a dire flail!!!
* * * LOW HITPOINT WARNING * * *
You block the ettin's attack.
You take 41 damage, and have 28/130 hp.
MASSIVE DAMAGE!!
Things that are here:
a robe; a vampiric dagger {!w} You see here a bolt.
The ettin hits you with a dire flail!!
* * * LOW HITPOINT WARNING * * *
The ettin misses you.
You take 31 damage, and have 8/130 hp.
MASSIVE DAMAGE!!
Okay, then.
Really read
p - a scroll of blinking {!r}?
Blink to where?
You are very lightly contaminated with residual magic.
As you read the scroll of blinking {!r}, it crumbles to dust.
There is a staircase back to the Dungeon, spattered with blood here.
You climb upwards.
Welcome back to the Dungeon!
Level annotation: exclusion: Sonja, Sonja
There is a staircase to the Orcish Mines, spattered with blood here.
You start resting.
Your magical contamination has completely faded away.
You regained 11 hp, and now have 22/130 hp.
You start resting.
You are starving!
You regained 24 hp, and now have 46/130 hp.
You're too hungry to rest.
You eat one of the 29 rations.
That ration really hit the spot!
You start resting.
Health restored: 130 You see here a trident.
There is an open door, spattered with blood here.
Items here: )))) [[[ You see here a trident.
There is a staircase to the Orcish Mines, spattered with blood here.
There is a staircase to the Orcish Mines, spattered with blood here.
You climb downwards.
Welcome back to the Orcish Mines!
The ettin completely misses you. The ettin closely misses you.
There is a staircase back to the Dungeon, spattered with blood here.
You fail to use your ability.
The ettin hits you with a dire flail! The ettin misses you.
You take 11 damage, and have 119/130 hp.
You fail to use your ability.
The ettin hits you with a dire flail!! You block the ettin's attack.
You take 35 damage, and have 84/130 hp.
MASSIVE DAMAGE!!
You fail to use your ability.
The ettin hits you with a dire flail. The ettin hits you with a dire flail!!
You take 25 damage, and have 59/130 hp.
You fail to use your ability.
The ettin hits you with a dire flail. The ettin hits you with a dire flail!!
* * * LOW HITPOINT WARNING * * *
You take 27 damage, and have 32/130 hp.
MASSIVE DAMAGE!!
The ettin hits you with a dire flail!!
* * * LOW HITPOINT WARNING * * *
The ettin hits you with a dire flail.
* * * LOW HITPOINT WARNING * * *
You climb upwards.
Welcome back to the Dungeon!
Level annotation: exclusion: Sonja, Sonja
There is a staircase to the Orcish Mines, spattered with blood here.
You take 19 damage, and have 13/130 hp.
Unknown command.
You feel yourself speed up. The ettin hits you with a dire flail!!
You die...

#.........#.................#.#..
..........#.................#.#..
........>.###################....
####################.############
#..............[.)[..#...<....##.
#............###[###.#..(.....##.
#............#8[..8#.'........##.
#............#..)..#[#.[......##.
###'##...##..#..@..#.#........##.
.....#...##..#..C..#.#........##.
.###.#...##..#8...8#.#........##.
.# #.#...###.#######.#..########.
.# #.#...# #.# ####'#..########.
.###.#...# #.# #................
.....#######.# #...........)....
#####.....##.# #....[...........
#...#.....##.##############'#####


You could see an ettin.

Vanquished Creatures
  An orc warlord (D:10)
  A stone giant (Orc:2)
  Nessos (Lair:4)
  A fire dragon (Lair:6)
  Erolcha (D:9)
  6 hydras
  A catoblepas (D:14)
  A death knight (D:13)
  5 centaur warriors
  6 two-headed ogres
  4 death yaks
  2 unseen horrors
  2 deep trolls
  A wizard (D:13)
  A swamp dragon (Lair:6)
  Pikel (D:4)
  3 orc knights
  3 necromancers
  A wolf spider zombie (D:15)
  An oklob plant (Lair:2)
  7 ugly things
  2 deep elf magi
  A wolf spider (Lair:6)
  A manticore (D:12)
  5 orc sorcerers
  A cyclops (D:15)
  Maurice (D:13)
  A guardian serpent (Lair:6)
  13 black mambas
  A gargoyle (D:10)
  A freezing wraith (D:15)
  11 spiny frogs
  6 rime drakes
  A kobold demonologist (D:13)
  4 komodo dragons
  3 polar bears
  12 trolls
  Grinder (D:4)
  3 hornets
  22 blink frogs
  8 hippogriffs
  A snapping turtle (Lair:2)
  6 dream sheep (Lair:4)
  A centaur simulacrum (D:15)
  Sigmund (D:4)
  2 redbacks (Lair:6)
  A shadow (D:12)
  A vampire (D:15)
  4 hogs (D:7)
  3 wraiths
  A human (D:6)
  11 wyverns
  2 basilisks
  Eustachio (D:4)
  A golden eye (shapeshifter) (D:15)
  15 yaks
  3 steam dragons
  A hungry ghost (D:10)
  6 vampire mosquitoes
  Menkaure (D:7)
  4 wargs
  Edmund (D:4)
  3 nagas (Lair:4)
  4 soldier ants (D:9)
  An acid dragon (D:11)
  21 water moccasins
  Duvessa (D:6)
  4 porcupines
  2 swamp drakes (Lair:6)
  23 orc warriors
  2 phantoms
  3 ice beasts
  A sky beast (D:7)
  2 black bears
  An eye of draining (D:9)
  A necrophage (D:12)
  21 centaurs
  17 ogres
  9 wolves (Lair:1)
  11 crocodiles
  Blork the orc (D:4)
  4 big kobolds
  14 bullfrogs
  5 gnoll sergeants
  A wyvern zombie (D:7)
  Dowan (D:6)
  A wyvern skeleton (D:9)
  3 scorpions
  24 killer bees
  A vampire bat (Orc:2)
  6 wights
  An electric eel (Lair:1)
  2 howler monkeys (D:7)
  7 crimson imps
  4 centaur zombies
  2 quasits
  3 centaur skeletons
  A jelly (D:9)
  3 bullfrog zombies
  17 orc priests
  9 hounds
  2 bullfrog skeletons
  Jessica (D:3)
  17 orc wizards
  Ijyb (D:3)
  Terence (D:2)
  7 iguanas
  7 hell rats (Lair:3)
  15 worker ants
  A hound skeleton (D:11)
  2 worker ant zombies (D:11)
  5 gnolls
  13 adders
  A howler monkey skeleton (D:6)
  A shadow imp (D:12)
  An adder zombie (D:6)
  2 adder skeletons
  A worm (D:3)
  3 leopard geckos
  64 orcs
  A ball python (D:1)
  9 bats
  5 giant cockroaches
  2 gnoll zombies (D:5)
  4 goblins
  5 hobgoblins
  13 jackals
  12 kobolds
  3 quokkas
  A frilled lizard (D:4)
  A leopard gecko skeleton (D:9)
  A quokka zombie (D:10)
  5 rats
  A fungus (Lair:3)
  5 plants
665 creatures vanquished.

Vanquished Creatures (others)
  A basilisk (Lair:6)
  A slave (D:8)
  An iguana (Lair:6)
  3 orc wizards (D:8)
  13 fungi
  24 plants
43 creatures vanquished.

Grand Total: 708 creatures vanquished

Notes
Turn   | Place    | Note
-------+----------+-------------------------------------------
     0 | D:1      | shakethe the Demigod Fighter began the quest for the Orb.
     0 | D:1      | Reached XP level 1. HP: 18/18 MP: 3/3
   149 | D:1      | Reached skill level 2 in Maces & Flails
   200 | D:1      | Reached skill level 3 in Fighting
   364 | D:1      | Reached XP level 2. HP: 15/26 MP: 4/4
   584 | D:2      | Found a bloodstained altar of Trog.
   612 | D:2      | Noticed Terence
   620 | D:2      | Killed Terence
   620 | D:2      | Reached XP level 3. HP: 28/31 MP: 5/5
   633 | D:2      | Found a blossoming altar of Fedhas.
   636 | D:2      | Reached skill level 3 in Shields
  1075 | D:1      | HP: 7/31 [poisoned by an adder]
  1513 | D:3      | Found a transporter.
  1637 | D:3      | Reached XP level 4. HP: 25/38 MP: 6/6
  1697 | D:3      | Found a transporter.
  1746 | D:3      | Reached skill level 3 in Maces & Flails
  2006 | D:3      | Noticed Jessica
  2009 | D:3      | Killed Jessica
  2131 | D:3      | Noticed Ijyb
  2165 | D:3      | Killed Ijyb
  2165 | D:3      | Reached XP level 5. HP: 43/46 MP: 7/7
  2229 | D:4      | Noticed Sigmund
  2516 | D:4      | Noticed Blork the orc
  2522 | D:4      | Killed Blork the orc
  2522 | D:4      | Reached skill level 4 in Fighting
  2527 | D:4      | Noticed Grinder
  2542 | D:4      | Killed Grinder
  2542 | D:4      | Reached skill level 4 in Maces & Flails
  2542 | D:4      | Reached skill level 4 in Shields
  2542 | D:4      | Reached XP level 6. HP: 36/53 MP: 8/8
  2692 | D:4      | Noticed Edmund
  2703 | D:4      | Killed Edmund
  2703 | D:4      | Reached skill level 5 in Fighting
  2800 | D:4      | Noticed Eustachio
  3131 | D:4      | Reached XP level 7. HP: 61/61 MP: 9/9
  3160 | D:4      | Reached skill level 5 in Maces & Flails
  3239 | D:4      | HP: 13/61 [something (7)]
  3240 | D:4      | Killed Sigmund
  3564 | D:4      | HP: 12/62 [white imp/puff of frost[Eustachio] (7)]
  3570 | D:4      | HP: 5/62 [Eustachio/rapier (7)]
  3572 | D:4      | Killed Eustachio
  3572 | D:4      | Reached skill level 6 in Fighting
  4111 | D:4      | Reached skill level 6 in Maces & Flails
  4122 | D:4      | HP: 16/64 [orc wizard/magic dart (6)]
  4126 | D:4      | Reached XP level 8. HP: 18/71 MP: 10/10
  4464 | D:5      | Entered Level 5 of the Dungeon
  4625 | D:5      | Noticed Pikel
  4861 | D:4      | HP: 11/71 [slave[Pikel] (7)]
  4868 | D:4      | Killed Pikel
  4868 | D:4      | Reached skill level 7 in Fighting
  4868 | D:4      | Reached skill level 7 in Maces & Flails
  5276 | D:5      | Found a basalt altar of Yredelemnul.
  6049 | D:6      | Noticed Duvessa
  6050 | D:6      | Noticed Dowan
  6071 | D:6      | Killed Duvessa
  6094 | D:6      | Reached skill level 8 in Fighting
  6162 | D:6      | Killed Dowan
  6184 | D:6      | Reached XP level 9. HP: 59/81 MP: 11/11
  6195 | D:6      | Found a deep blue altar of Sif Muna.
  6195 | D:6      | Found a hazy altar of Hepliaklqana.
  6367 | D:6      | Reached skill level 8 in Maces & Flails
  6586 | D:7      | Found a staircase to the Ecumenical Temple.
  7123 | D:7      | Found a snail-covered altar of Cheibriados.
  7130 | D:7      | Reached skill level 9 in Fighting
  7172 | D:7      | Noticed Menkaure
  7183 | D:7      | HP: 20/83 [hog (2)]
  7184 | D:7      | Killed Menkaure
  7189 | D:7      | HP: 14/83 [poisoned by a scorpion]
  7194 | D:7      | HP: 13/83 [poisoned by a scorpion]
  7201 | D:7      | HP: 13/83 [poisoned by a scorpion]
  7209 | D:7      | HP: 13/83 [poisoned by a scorpion]
  7525 | D:7      | Reached skill level 9 in Maces & Flails
  7579 | D:7      | HP: 20/83 [hog (9)]
  8548 | D:8      | Noticed a two-headed ogre
  8560 | D:8      | HP: 10/84 [two-headed ogre/giant spiked club (18)]
  8561 | D:8      | Killed a two-headed ogre
  8561 | D:8      | Reached XP level 10. HP: 5/93 MP: 13/13
  8563 | D:8      | HP: 3/93 [centaur zombie (3)]
  8943 | D:8      | Reached skill level 10 in Fighting
  9211 | D:8      | HP: 21/93 [orc priest/divine providence (14)]
  9690 | D:8      | Reached skill level 3 in Armour
  9690 | D:8      | Reached skill level 1 in Dodging
  9926 | D:8      | Found a shadowy altar of Dithmenos.
  9973 | D:8      | Reached skill level 1 in Evocations
 10148 | D:8      | Found Xayluum's Magic Scroll Emporium.
 10362 | D:8      | Bought a scroll of random uselessness for 10 gold pieces
 10362 | D:8      | Bought a scroll of blinking for 75 gold pieces
 10362 | D:8      | Bought a scroll of remove curse for 30 gold pieces
 10423 | D:9      | Found the +9 staff of Olgreb {rPois}
 10433 | D:9      | Found Saepter's Antique Weapon Shoppe.
 10433 | D:9      | Noticed a white ugly thing
 10782 | D:9      | Found an opulent altar of Gozag.
 10811 | D:9      | Found Ozuklot's Book Boutique.
 10903 | D:9      | Found a glowing silver altar of Zin.
 10956 | D:9      | Reached skill level 2 in Dodging
 10957 | D:9      | Noticed a two-headed ogre
 11220 | D:9      | Killed a two-headed ogre
 11220 | D:9      | Reached skill level 10 in Maces & Flails
 11220 | D:9      | Reached skill level 2 in Evocations
 11476 | D:9      | Found a runed gate.
 11478 | D:9      | Found a runed door.
 11489 | D:9      | Found a runed gate.
 11489 | D:9      | Found a runed gate.
 11493 | D:9      | Noticed Erolcha
 11512 | D:9      | Found a runed door.
 11562 | D:9      | Found Jeomuota's Distillery.
 11587 | D:9      | Found Rilemead's Jewellery Boutique.
 11598 | D:9      | Found Yckynix's Jewellery Boutique.
 11619 | D:9      | Reached skill level 4 in Armour
 12017 | D:9      | Reached skill level 3 in Dodging
 12130 | D:9      | Bought a smoking morningstar for 243 gold pieces
 12151 | D:8      | Identified the cursed +3 morningstar "Jyist" {protect, MR+ Int+3 Stlth+} (You bought it in a shop on level 9 of the Dungeon)
 12174 | D:9      | Killed Erolcha
 12174 | D:9      | Reached skill level 3 in Evocations
 12477 | D:9      | Reached XP level 11. HP: 52/101 MP: 16/16
 13160 | D:10     | Entered Level 10 of the Dungeon
 13174 | D:10     | Noticed Sonja
 13226 | D:10     | Reached skill level 5 in Armour
 13226 | D:10     | Reached skill level 4 in Dodging
 13266 | D:10     | Found a staircase to the Orcish Mines.
 14270 | D:10     | Reached skill level 11 in Fighting
 14844 | D:11     | Found a staircase to the Lair.
 14890 | D:11     | Killed an unseen horror
 14890 | D:11     | Reached skill level 5 in Dodging
 15361 | D:11     | Reached skill level 6 in Armour
 15847 | D:11     | Found Ucleh's General Store.
 15987 | D:10     | Reached skill level 11 in Maces & Flails
 18167 | D:13     | Reached skill level 6 in Dodging
 18175 | D:13     | Reached XP level 12. HP: 99/110 MP: 17/17
 18497 | D:13     | Noticed a centaur warrior
 18511 | D:13     | Killed a centaur warrior
 18511 | D:13     | Reached skill level 7 in Armour
 18757 | D:13     | Noticed a death knight
 18771 | D:13     | Killed a death knight
 18806 | D:13     | HP: 26/111 [two-headed ogre/giant club (20)]
 18812 | D:13     | HP: 3/111 [two-headed ogre/giant club (25)]
 18818 | D:13     | HP: 7/111 [two-headed ogre/giant club (22)]
 18823 | D:13     | HP: 10/111 [something/bolt of cold (12)]
 18834 | D:13     | HP: 12/111 [something (1)]
 19258 | D:13     | Found a gate to the Vaults.
 19280 | D:13     | Noticed Maurice
 19475 | D:13     | Killed Maurice
 19550 | D:13     | Reached skill level 7 in Dodging
 19620 | D:13     | Noticed a centaur warrior
 19631 | D:13     | Killed a centaur warrior
 19631 | D:13     | Reached skill level 12 in Fighting
 20050 | D:14     | Noticed a five-headed hydra
 20060 | D:14     | Killed a five-headed hydra
 20071 | D:14     | Noticed a catoblepas
 20425 | Lair:1   | Entered Level 1 of the Lair of Beasts
 20429 | Lair:1   | Noticed a four-headed hydra
 20445 | Lair:1   | Killed a four-headed hydra
 20712 | Lair:1   | Reached skill level 8 in Armour
 21064 | Lair:1   | Noticed an eight-headed hydra
 21078 | Lair:1   | Killed an eight-headed hydra
 21078 | Lair:1   | Reached skill level 12 in Maces & Flails
 21096 | Lair:1   | HP: 28/112 [electric eel/bolt of electricity (11)]
 22045 | D:9      | Bought an uncursed amulet of regeneration for 390 gold pieces
 22403 | Lair:2   | Reached XP level 13. HP: 94/119 MP: 18/18
 22497 | Lair:2   | Found a staircase to the Shoals.
 22547 | Lair:2   | Reached skill level 8 in Dodging
 23539 | Lair:3   | Found a stormy altar of Qazlal.
 23776 | Lair:3   | HP: 18/119 [komodo dragon (20)]
 23780 | Lair:3   | HP: 7/119 [poisoned by a black mamba]
 23785 | Lair:3   | HP: 21/119 [poisoned by a black mamba]
 23786 | Lair:3   | HP: 10/119 [black mamba (11)]
 23791 | Lair:2   | HP: 9/119 [poisoned by a black mamba]
 23796 | Lair:2   | HP: 10/119 [poisoned by a black mamba]
 23801 | Lair:2   | HP: 11/119 [poisoned by a black mamba]
 23808 | Lair:2   | HP: 14/119 [poisoned by a black mamba]
 23816 | Lair:2   | HP: 18/119 [poisoned by a black mamba]
 24097 | Lair:2   | Reached skill level 9 in Armour
 24399 | Lair:4   | HP: 12/119 [dream sheep (22)]
 24596 | Lair:4   | HP: 29/119 [eight-headed hydra (5)]
 24601 | Lair:4   | HP: 25/119 [poisoned by a spiny frog]
 24606 | Lair:4   | HP: 23/119 [poisoned by a spiny frog]
 24612 | Lair:4   | HP: 25/119 [poisoned by a spiny frog]
 24620 | Lair:4   | HP: 27/119 [poisoned by a spiny frog]
 24980 | Lair:4   | Found a staircase to the Snake Pit.
 24987 | Lair:4   | Noticed Nessos
 25004 | Lair:4   | HP: 21/119 [steam dragon/ball of steam (16)]
 25006 | Lair:4   | HP: 7/119 [poisoned by Nessos]
 25281 | Lair:4   | Killed Nessos
 25281 | Lair:4   | HP: 23/119 [steam dragon] (7)]
 25286 | Lair:3   | HP: 13/119 [poisoned by Nessos]
 25292 | Lair:3   | HP: 13/119 [poisoned by Nessos]
 25297 | Lair:3   | HP: 15/119 [poisoned by Nessos]
 25304 | Lair:3   | HP: 17/119 [poisoned by Nessos]
 25312 | Lair:3   | HP: 21/119 [poisoned by Nessos]
 25574 | Lair:4   | Found a hide-covered altar of Uskayaw.
 25899 | Lair:5   | Reached skill level 9 in Dodging
 26092 | Lair:5   | Reached skill level 13 in Fighting
 26162 | Lair:5   | Found a viscous altar of Jiyva.
 26162 | Lair:5   | Found a staircase to the Slime Pits.
 26417 | Lair:6   | Entered Level 6 of the Lair of Beasts
 26945 | Lair:5   | HP: 24/122 [death yak (13)]
 26950 | Lair:5   | HP: 20/122 [water moccasin (6)]
 26955 | Lair:5   | HP: 19/122 [water moccasin (1)]
 26962 | Lair:5   | HP: 26/122 [polar bear (4)]
 27245 | Lair:6   | Reached skill level 13 in Maces & Flails
 27299 | Lair:6   | Found a glowing silver altar of Zin.
 27654 | Lair:6   | Reached XP level 14. HP: 106/129 MP: 20/20
 27676 | Lair:6   | Reached skill level 10 in Armour
 28160 | Lair:6   | Paralysed by a hornet for 1 turns
 28174 | Lair:6   | Got a pitted amber ring
 28191 | Lair:6   | Got a dazzling dire flail
 28192 | Lair:6   | Identified the +12 dire flail "Yloani" {pain, +Rage} (You found it on level 6 of the Lair of Beasts)
 28242 | Lair:6   | Identified the ring "Vouc" {rElec MR+ Int+2} (You found it on level 6 of the Lair of Beasts)
 28523 | Lair:6   | HP: 30/129 [fire dragon (9)]
 28545 | Lair:6   | HP: 28/129 [something] (6)]
 28550 | Lair:6   | HP: 20/129 [poisoned by something (poison gas)]
 28555 | Lair:6   | HP: 18/129 [poisoned by something (poison gas)]
 28560 | Lair:6   | HP: 16/129 [poisoned by something (poison gas)]
 28565 | Lair:6   | HP: 15/129 [poisoned by something (poison gas)]
 28571 | Lair:5   | HP: 15/129 [poisoned by something (poison gas)]
 28577 | Lair:5   | HP: 16/129 [poisoned by something (poison gas)]
 28584 | Lair:5   | HP: 17/129 [poisoned by something (poison gas)]
 28589 | Lair:5   | HP: 18/129 [poisoned by something (poison gas)]
 28595 | Lair:5   | HP: 20/129 [poisoned by something (poison gas)]
 28601 | Lair:5   | HP: 22/129 [poisoned by something (poison gas)]
 28606 | Lair:5   | HP: 24/129 [poisoned by something (poison gas)]
 29566 | D:9      | Bought a book of Cantrips for 320 gold pieces
 29568 | D:9      | Learned a level 1 spell: Animate Skeleton
 29784 | D:14     | HP: 30/129 [centaur/arrow[a centaur warrior] (10)]
 30477 | D:14     | Reached skill level 1 in Necromancy
 30670 | D:14     | Reached skill level 10 in Dodging
 30920 | D:15     | Entered Level 15 of the Dungeon
 30953 | D:15     | Found a staircase to the Depths.
 30964 | D:15     | Reached skill level 2 in Necromancy
 31388 | D:15     | Found Inkohunke's Book Shoppe.
 31534 | D:15     | Found a flickering gateway to a bazaar.
 31545 | Bazaar   | Entered a bazaar
 31545 | Bazaar   | Found Eziodora's Antique Weapon Shoppe.
 31559 | Bazaar   | Found Gubbamm's Assorted Antiques.
 31572 | Bazaar   | Found Nupsor's Antique Armour Emporium.
 31574 | Bazaar   | Found Vehy's Magic Scroll Shoppe.
 31583 | Bazaar   | Found Osseejet's Gadget Shop.
 31632 | Bazaar   | Bought a fine chain mail for 275 gold pieces
 31642 | Bazaar   | Identified the cursed +0 chain mail of Disaster {rPois rC+} (You bought it in a shop in a bazaar)
 31668 | Bazaar   | Bought a scroll of enchant armour for 82 gold pieces
 32066 | Orc:1    | Entered Level 1 of the Orcish Mines
 32182 | Orc:1    | Noticed an orc warlord
 32602 | D:10     | Killed an orc warlord
 33078 | Orc:1    | Reached skill level 3 in Necromancy
 33470 | Orc:2    | Entered Level 2 of the Orcish Mines
 33568 | Orc:2    | Found a staircase to the Elven Halls.
 33925 | Orc:2    | Found Uzusim's Weapon Shop.
 33931 | Orc:2    | Reached skill level 14 in Maces & Flails
 34302 | Orc:1    | HP: 28/130 [ettin/dire flail (41)]
 34337 | Orc:1    | HP: 8/130 [ettin/dire flail (31)]
 34743 | Orc:1    | HP: 32/130 [ettin/dire flail (26)]
 34744 | Orc:1    | HP: 13/130 [ettin/dire flail (19)]
 34746 | D:10     | Mangled by an ettin

Skill      XL: |  1  2  3  4  5  6  7  8  9 10 11 12 13 14 |
---------------+-------------------------------------------+-----
Maces & Flails | 2 3 4 6 7 9 10 11 12 13 14 | 14.0
Fighting       | 3 4 5 6 8 9 10 11 12 13 | 13.8
Shields        | 3 4 |  4.3
Armour         | 4 6 8 9 10 | 10.8
Dodging        | 3 6 7 9 10 | 10.4
Evocations     | 3 |  3.7
Necromancy     | 3 |  3.4

Action                   |  1- 3 |  4- 6 |  7- 9 | 10-12 | 13-15 || total
-------------------------+-------+-------+-------+-------+-------++-------
Melee: Flail             |    73 |       |   274 |   270 |       ||   617
       Mace              |    26 |   139 |   185 |       |       ||   350
       Morningstar       |       |       |       |   891 |   747 ||  1638
       Dire flail        |       |       |       |       |   474 ||   474
Evoke: Wand              |       |       |     4 |       |       ||     4
  Use: Potion            |     1 |     2 |     3 |     6 |    11 ||    23
       Scroll            |       |       |     5 |    13 |    20 ||    38
 Stab: Invisible         |       |       |     3 |       |       ||     3
       Sleeping          |       |       |       |     3 |     1 ||     4
  Eat: Ration            |     1 |       |     3 |     8 |     9 ||    21
       Chunk             |       |     4 |     7 |    20 |     9 ||    40
Armor: Scale mail        |    51 |    40 |       |       |       ||    91
       Ring mail         |       |    21 |   226 |   485 |   329 ||  1061
       Skin              |       |       |    10 |       |    36 ||    46
       Plate armour      |       |       |       |       |   101 ||   101
       Chain mail        |       |       |       |       |    94 ||    94
Dodge: Dodged            |    43 |    57 |   252 |   801 |   889 ||  2042
Block: Shield            |    17 |       |       |       |       ||    17
       Buckler           |    17 |    36 |   151 |   346 |   238 ||   788
       Other             |       |       |       |       |    79 ||    79
       Reflection        |       |       |       |       |     6 ||     6

Vault maps used:
D:1:      roderic_dead_forest
D:2:      nicolae_overflow_crystal_walls, fedhas_altar_2, uniq_terence
D:3:      gammafunk_steamed_eel, uniq_ijyb, uniq_jessica
D:4:      grunt_decor_arrowhead, kennysheep_small_circle, uniq_sigmund,
          uniq_grinder, uniq_eustachio, uniq_edmund, uniq_blork_the_orc
D:5:      lemuel_zombie_altar_yredelemnul, first_ration, uniq_pikel
D:6:      gammafunk_temple_overflow_wave, uniq_duvessa
D:7:      cheibriados_altar_1, temple_green, solitary_fountain, grunt_livestock,
          st_stairs_13, nrook_pool_corridor, uniq_menkaure
D:8:      serial_shops, shop, nicolae_dithmenos_the_darkroom
D:9:      grunt_temple_overflow_gold_and_silver, serial_shops, shop_fountains,
          shop, nicolae_shop_statue_plus, shop, shop,
          minmay_guarded_unrand_staff_of_olgreb, uniq_erolcha
D:10:     kennysheep_orc_monster_closet_entryway, uniq_sonja
D:11:     kennysheep_spiral_hall, lair_entry_dummy, serial_shops,
          nicolae_shop_statue_plus
D:13:     david_vaults_1, uniq_maurice
D:14:     hangedman_abyss_or_decor_stagger
D:15:     grunt_enter_depths_magical_seal, serial_shops, freezing_bzr,
          nicolae_shop_crystal
Lair:1:   beast_lair_carwin_large_4, serial_bayou_ford_a, minivault_26,
          serial_bayou_shore_a, lemuel_fruit_tree
Lair:2:   minmay_shoals_entry_hut, minivault_26
Lair:3:   basic_altar, grunt_forest_small_clearings,
          hangedman_lair_generics_rect
Lair:4:   guppyfry_snake_entry_island, basic_altar, lemuel_another_geyser,
          grunt_megastairs_1, uniq_nessos
Lair:5:   slime_altar_1, grunt_megastairs_3
Lair:6:   hangedman_lair_tendril_chambers, guppyfry_lair_end_dragon, basic_altar
Orc:2:    st_orc_open, roderic_batcave
Bazaar:   bazaar_kb_twisted_cavern

Table legend:
 A = Turns spent in this place as a percentage of turns spent in the entire game.
 B = Non-inter-level travel turns spent in this place as a percentage of non-inter-level travel turns spent in the entire game.
 C = Inter-level travel turns spent in this place as a percentage of turns spent in this place.
 D = Turns resting spent in this place as a percentage of non-inter-level travel turns spent in this place.
 E = Turns spent auto-exploring this place as a percentage of non-inter-level travel turns spent in this place.
 F = Non-inter-level travel turns spent in this place divided by the number of levels of this place that you've seen.
                   A       B       C       D       E      F
               +-------+-------+-------+-------+-------+----------------------
         Total | 100.0 | 100.0 |   3.5 |  38.1 |  32.4 | 1396.5
       Dungeon |  70.4 |  70.3 |   3.7 |  40.3 |  31.2 | 1570.8
          Lair |  24.6 |  24.5 |   3.9 |  31.9 |  36.2 | 1367.2
  Orcish Mines |   4.6 |   4.8 |   0.0 |  41.6 |  29.8 | 804.5
        Bazaar |   0.4 |   0.4 |   0.0 |   0.0 |  31.7 | 142.0
               +-------+-------+-------+-------+-------+----------------------

Table legend:
 A = Kills in this place as a percentage of kills in entire the game.
 B = Kills by you in this place as a percentage of kills by you in the entire game.
 C = Kills by friends in this place as a percentage of kills by friends in the entire game.
 D = Other kills in this place as a percentage of other kills in the entire game.
 E = Experience gained in this place as a percentage of experience gained in the entire game.
 F = Experience gained in this place divided by the number of levels of this place that you have seen.
                   A       B       C       D       E      F
               +-------+-------+-------+-------+-------+----------------------
         Total | 100.0 | 100.0 |   N/A |   N/A | 100.0 | 4883.5
       Dungeon |  66.0 |  66.0 |   N/A |   N/A |  50.6 | 3950.5
          Lair |  26.6 |  26.6 |   N/A |   N/A |  41.3 | 8075.5
  Orcish Mines |   7.4 |   7.4 |   N/A |   N/A |   8.1 | 4746.0
               +-------+-------+-------+-------+-------+----------------------
